 Dungeon Crawl Stone Soup version 0.27.0-1-g7a089689b8 (webtiles) character file.

Game seed: 14523208422395644295

24 GordonOverkill the Skirmisher (level 2, -2/24 HPs)
             Began as a Mummy Abyssal Knight on Aug 1, 2021.
             Was a Follower of Lugonu.
             Slain by a bullfrog (5 damage)
             ... on level 2 of the Dungeon.
             The game lasted 00:05:32 (1213 turns).

GordonOverkill the Skirmisher (MuAK)                Turns: 1213, Time: 00:05:32

Health: -2/24      AC:  3    Str: 15    XL:     2   Next: 79%
Magic:  3/3        EV: 11    Int: 11    God:    Lugonu [*.....]
Gold:   132        SH:  0    Dex: 11    Spells: 1/1 levels left

rFire    x . .     SeeInvis .   a - +1 hand axe
rCold    + . .     Faith    .   (no shield)
rNeg     + + +     Spirit   .   b - +0 leather armour
rPois    ∞         Reflect  .   c - +0 hat
rElec    .         Harm     .   (no cloak)
rCorr    .         Rampage  .   (no gloves)
Will     .....                  (no boots)
Stlth    +.........             (no amulet)
HPRegen  0.08/turn              (no ring)
MPRegen  0.08/turn              (no ring)

@: about to teleport
A: cold resistance 1, negative energy resistance 3, torment resistance 2, heat
vulnerability 1, no potions
a: Renounce Religion, Depart the Abyss


You were on level 2 of the Dungeon.
You worshipped Lugonu.
Lugonu was aware of your devotion.
You visited 1 branch of the dungeon, and saw 2 of its levels.
You visited the Abyss 1 time.

You collected 132 gold pieces.

Inventory:

Hand Weapons
 a - a +1 hand axe (weapon)
Armour
 b - a +0 leather armour (worn)
 c - a +0 hat (worn)
Wands
 h - a wand of polymorph (4)
Scrolls
 d - a scroll of teleportation
 e - a scroll of acquirement
 f - a scroll of immolation {unknown}
 g - a scroll of amnesia {unknown}
 i - 3 scrolls of identify {unknown}
 j - a scroll of enchant weapon {unknown}
 k - a scroll of enchant armour {unknown}


   Skills:
 + Level 3.4 Fighting
 + Level 2.0 Axes
 - Level 1.5 Armour
 - Level 0.7 Dodging
 + Level 2.1 Invocations


You had one spell level left.
You didn't know any spells.
Your spell library contained the following spells:

 Spells                   Type           Power      Damage    Failure   Level
 Olgreb's Toxic Radiance  Pois           0%         N/A       99%         4
 Ozocubu's Refrigeration  Ice            0%         4d5       100%        7
 Ignition                 Fire           0%         3d3       100%        8


Dungeon Overview and Level Annotations

Branches:
Dungeon (2/15)

Altars:


Innate Abilities, Weirdness & Mutations

You are immune to poison.
Your flesh is cold resistant. (rC+)
You are immune to negative energy. (rN+++)
You are immune to unholy pain and torment.
You are vulnerable to heat. (rF-)
You do not drink.


Message History

The adder is lightly wounded.
You hit the hobgoblin. The adder misses you. The hobgoblin misses you.
The adder bites you. The hobgoblin completely misses you.
You are too injured to fight recklessly!
You are too injured to fight recklessly!
You closely miss the adder.
The adder is lightly wounded.
You hit the hobgoblin. The adder bites you. The hobgoblin barely misses you.
You hit the adder.
The adder is heavily wounded.
You barely miss the hobgoblin. The adder misses you.
The hobgoblin closely misses you. The adder bites you.
* * * LOW HITPOINT WARNING * * *
You hit the adder but do no damage.
The adder is heavily wounded.
You hit the hobgoblin. The adder bites you.
* * * LOW HITPOINT WARNING * * *
The hobgoblin barely misses you. The adder bites you.
* * * LOW HITPOINT WARNING * * *
You can't drink.
Unknown command.
This is a scroll of acquirement!
Aiming: Polymorph
Press: ? - help, Shift-Dir - straight line, f - adder
Aim: an adder (heavily wounded, will become a bat, a river rat, or a bullfrog, chance to affect: 54%)
The adder evaporates and reforms as a bullfrog!
The hobgoblin hits you.
* * * LOW HITPOINT WARNING * * *
The bullfrog barely misses you. The bullfrog hits you.
* * * LOW HITPOINT WARNING * * *
The bullfrog hits you but does no damage.
The bullfrog snags a nearby spider with its tongue.
The bullfrog hits you.
* * * LOW HITPOINT WARNING * * *
Unknown command.
As you read the scroll labelled GAFEUMYANU, it crumbles to dust.
You feel strangely unstable.
It was a scroll of teleportation.
The bullfrog hits you.
You die...

#...............<...#
#.................###
#...............#.#####
..................#.....#
........#.............#.....#
........#.............#.....#
........#............#####'######
........#............##.........#
........#......g@...............#
.......##.......F##+#...........#
.......##........##.#....#....###
#.....†##...........#....####.#
..##................#....####.#
#................#.........#
##...............#.........#
#...........##..#.........#
#####.....................#


You could see a bullfrog and a hobgoblin.

Vanquished Creatures
  A ball python (D:1)
  3 endoplasms
  2 giant cockroaches
  A goblin (D:2)
  2 hobgoblins (D:1)
  5 jackals (D:1)
  A quokka (D:1)
  3 frilled lizards
  2 kobolds (D:2)
20 creatures vanquished.

Notes
Turn   | Place    | Note
-------+----------+-------------------------------------------
     0 | Abyss:1  | GordonOverkill the Mummy Abyssal Knight began the quest for
                  | the Orb.
     0 | Abyss:1  | Reached XP level 1. HP: 18/18 MP: 2/2
    76 | Abyss:3  | Noticed a starcursed mass
    96 | Abyss:4  | Noticed a spatial maelstrom
    96 | Abyss:4  | Noticed a large abomination
    96 | D:1      | Escaped the Abyss
   530 | D:1      | Reached XP level 2. HP: 21/24 MP: 3/3
   722 | D:1      | Found a faded altar of an unknown god.
   726 | D:1      | Reached * piety under Lugonu
  1207 | D:2      | Identified a scroll of acquirement
  1207 | D:2      | Noticed a bullfrog
  1207 | D:2      | an adder changed into a bullfrog
  1213 | D:2      | Slain by a bullfrog

Illustrated notes

Levels and vault maps discovered:
D:1:      wander_arrival_peaceful_grave, layout_rooms,
          hellmonk_ecumenical_altar_slurped_away
D:2:      layout_basic, uniq_sigmund

Skill      XL: |  1  2 |
---------------+-------+-----
Invocations    | 2 |  2.1
Axes           | 2 |  2.0
Fighting       | |  3.4
Armour         | |  1.5
Dodging        | |  0.7

Action                   || total
-------------------------++-------
Melee: Hand axe          ||    69
Invok: Depart the Abyss  ||     1
Evoke: Wand              ||     1
  Use: Scroll            ||     1
Armor: Leather armour    ||    16
Dodge: Dodged            ||    62
